 Dungeon Crawl Stone Soup version 0.16-a0-2093-g8c923f7 (webtiles) character file.

51 PolkaDot the Caller (level 3, -2/27 HPs)
             Began as a Vampire Summoner on Nov 13, 2014.
             Killed by divine providence
             ... invoked by an orc priest
              (16 damage)
             ... on level 3 of the Dungeon.
             The game lasted 00:03:46 (1518 turns).

PolkaDot the Caller (Vampire Summoner)              Turns: 1518, Time: 00:03:47

Health: -2/27      AC:  2    Str:  7    XL:     3   Next: 58%
Magic:  3/6        EV: 12    Int: 18    God:
Gold:   148        SH:  0    Dex: 14    Spells: 3 memorised, 0 levels left

rFire  . . .     SeeInvis +     p - +3 dagger (speed)
rCold  . . .     Clarity  .     a - +0 robe
rNeg   . . .     SustAb   .     (no shield)
rPois  .         Gourm    .     (no helmet)
rElec  .         Spirit   .     (no cloak)
rCorr  .         Warding  .     (no gloves)
rMut   .         Stasis   .     (no boots)
MR     .....                    (no amulet)
Stlth  ++........               (no ring)
                                (no ring)

@: regenerating quickly, not resistant to hostile enchantments, unstealthy
A: fangs 3, see invisible, unbreathing
a: no special abilities


You were on level 3 of the Dungeon.
You were very full.

You visited 1 branch of the dungeon, and saw 3 of its levels.

You collected 148 gold pieces.

Inventory:

Hand weapons
 p - a +3 dagger of speed (weapon)
Armour
 a - a +0 robe (worn)
Scrolls
 c - 3 scrolls of identify {unknown}
 f - 3 scrolls of remove curse {unknown}
 g - a scroll of noise {unknown}
 h - a scroll of immolation {unknown}
 i - a scroll of fog {unknown}
 j - a scroll of magic mapping {unknown}
Potions
 d - a potion of agility {unknown}
 e - a potion of degeneration {unknown}
 k - a potion of lignification {unknown}
 l - a potion of cancellation {unknown}
 m - a potion of haste {unknown}
 n - a potion of resistance {unknown}
 o - a potion of flight {unknown}
Books
 b - a book of Callings

   Spells                             Type                      Level
   *Summon Small Mammal               Summoning                    1
   *Call Imp                          Summoning                    2
   *Call Canine Familiar              Summoning                    3
   Summon Guardian Golem              Hexes/Summoning              4
   Summon Lightning Spire             Summoning/Air                4
   Summon Ice Beast                   Ice/Summoning                4


   Skills:
 + Level 1.6 Fighting
 - Level 2.1 Dodging
 - Level 3.0 Stealth
 - Level 2.0 Spellcasting
 * Level 4.8 Summonings


You couldn't memorise any spells.
You knew the following spells:

 Your Spells              Type           Power        Failure   Level  Hunger
a - Summon Small Mammal   Summ           ###.         2%          1    #......
d - Call Canine Familiar  Summ           ###.....     10%         3    ###....
s - Call Imp              Summ           ###.....     4%          2    ###....


Dungeon Overview and Level Annotations

Branches:
Dungeon (3/15)

Altars:


Innate Abilities, Weirdness & Mutations

Your natural rate of healing is unusually fast.
You have razor-sharp teeth.
You have supernaturally acute eyesight.
You can survive without breathing.


Message History

Confirm with . or Enter, or press ? or * to list all spells.
The goblin barely misses you.
You hit the goblin.
You kill the goblin!
The orc priest calls upon Beogh to heal the orc wizard.
The orc wizard's wounds heal themselves!
The orc priest hits you with a dagger. The orc wizard hits you with a dagger.
* * * LOW HITPOINT WARNING * * *
You hit the orc priest.
The orc priest is heavily wounded.
The orc priest hits you but does no damage.
Your hound barely misses the orc priest.
You barely miss the orc priest. Your bite misses the orc priest.
The orc priest is heavily wounded.
The orc wizard hits you with a dagger.
* * * LOW HITPOINT WARNING * * *
The orc priest mumbles some strange prayers to Beogh against you.
Something smites you!
Ouch! That really hurt!
You die...

# #.
###..##########
.......oh........
#...o@...#
#........#
##.....<.#
#......)..#
#......####
######.# #.# #.#
#..


You could see an orc priest, an orc wizard and a friendly hound.

Vanquished Creatures
  Jessica (D:2)
  An ooze (D:2)
  2 orcs (D:2)
  4 bats
  2 giant cockroaches
  5 goblins
  5 hobgoblins
  A ball python (D:1)
  A giant newt (D:1)
  2 kobolds (D:2)
  3 rats
27 creatures vanquished.

Vanquished Creatures (collateral kills)
  3 kobolds (D:1)
  A goblin (D:1)
4 creatures vanquished.

Vanquished Creatures (others)
  2 rats (D:1)
2 creatures vanquished.

Grand Total: 33 creatures vanquished

Notes
Turn   | Place    | Note
--------------------------------------------------------------
     0 | D:1      | PolkaDot, the Vampire Summoner, began the quest for the Orb.
     0 | D:1      | Reached XP level 1. HP: 13/13 MP: 3/3
   387 | D:1      | Reached XP level 2. HP: 8/20 MP: 0/4
   389 | D:1      | Reached skill level 1 in Fighting
   659 | D:1      | Learned a level 2 spell: Call Imp
  1000 | D:2      | Noticed Jessica
  1012 | D:2      | Killed Jessica
  1012 | D:2      | Reached XP level 3. HP: 3/26 MP: 4/6
  1414 | D:2      | Learned a level 3 spell: Call Canine Familiar
  1518 | D:3      | Killed from afar by an orc priest

Action                   || total
-------------------------++-------
Melee: Unarmed           ||    70
       Dagger            ||    59
 Cast: Summon Small Mamm ||     4
       Call Canine Famil ||     2
  Use: Potion            ||     1
 Stab: Sleeping          ||     2
  Eat: Corpse            ||    14
